[Event "Titled Tuesday Blitz December 14 2021"]
[White "Sychev, Klementy"]
[Black "Aggelis, Nikolaos"]
[WhiteFideId "4114060"]
[BlackFideId "4213220"]
[WhiteElo "2615"]
[BlackElo "2154"]
[Result "1/2-1/2"]
[Round "06"]
[TimeControl "180+1"]
[Date "2021.12.14"]
[WhiteClock "0:00:57"]
[BlackClock "0:01:20"]

1. e4 c5 2. Ne2 Nc6 3. Nbc3 g6 4. d4 cxd4 5. Nxd4 Bg7 6. Be3 Nf6 7. Nxc6 dxc6 8. Qxd8+ Kxd8 9. f3 e5 10. Bc4 Be6 11. Bxe6 fxe6 12. Ke2 Kc7 13. Nb1 Nd7 14. Nd2 Bf8 15. a4 Bc5 16. Nc4 Bxe3 17. Kxe3 b5 18. axb5 cxb5 19. Na5 Nb6 20. Rhd1 Rhd8 21. Rd3 Rxd3+ 22. cxd3 Kd6 23. Nb3 Na4 24. Nd2 Kc5 25. Rc1+ Kb4 26. Rc2 Rd8 27. g3 g5 28. Ke2 Nc5 29. Rc3 a5 30. Ke3 a4 31. Ke2 h6 32. Ke3 Rd7 33. Ke2 Rd8 34. Ke3 Rd7 35. Ke2 Rd8 1/2-1/2


[Site "https://www.chess.com"]

[Event "Titled Tuesday Blitz December 14 2021"]
[White "Taboas Rodriguez, Daniel"]
[Black "Seo, Jung Min"]
[WhiteFideId "2208466"]
[BlackFideId "1734687"]
[WhiteElo "2429"]
[BlackElo "2401"]
[Result "0-1"]
[Round "06"]
[TimeControl "180+1"]
[Date "2021.12.15"]
[WhiteClock "0:00:10"]
[BlackClock "0:00:31"]

1. d4 Nf6 2. Nf3 e6 3. c4 c5 4. e3 d5 5. Nc3 a6 6. a3 Nc6 7. cxd5 exd5 8. dxc5 Bxc5 9. b4 Ba7 10. Bb2 d4 11. exd4 Nxd4 12. Nxd4 Bxd4 13. Be2 Bf5 14. O-O O-O 15. Na4 Bxb2 16. Nxb2 Qe7 17. Bf3 Rfd8 18. Qe1 Be6 19. Na4 Qc7 20. Rc1 Qb8 21. Nb6 Ra7 22. Qc3 h6 23. Rfd1 Rxd1+ 24. Rxd1 a5 25. b5 a4 26. Qb4 Qe5 27. Nxa4 Bd5 28. Bxd5 Nxd5 29. Qd4 Qe2 30. Ra1 Ra8 31. Qxd5 Rxa4 32. h3 Qe7 33. Rd1 Rxa3 34. Qd8+ Qf8 35. Qxf8+ Kxf8 36. Rd7 Ra7 37. b6 Ra1+ 38. Kh2 Ra2 39. Kg3 Rb2 40. Rxb7 g6 41. Kf3 Kg7 42. g4 g5 43. Rb8 Rb3+ 44. Kg2 Kf6 45. b7 Kg7 46. Kf1 Rb6 47. Ke2 Rb2+ 48. Ke3 Rb3+ 49. Kd4 Rb1 50. Ke4 Rb4+ 51. Kf3 Rb3+ 52. Kg2 Rb1 53. Kg3 Rb3+ 54. f3 Rb2 55. h4 Rb3 56. h5 Rb2 57. Kh3 Kh7 58. Kg3 Kg7 59. f4 Rb3+ 60. Kf2 gxf4 61. g5 hxg5 62. h6+ Kh7 63. Ke2 g4 64. Kd2 g3 65. Kc2 Rb6 66. Kd3 f3 67. Ke3 g2 68. Kf2 Rb2+ 0-1


[Site "https://www.chess.com"]

[Event "Titled Tuesday Blitz December 14 2021"]
[White "Terry, Renato"]
[Black "Iskusnyh, Sergei"]
[WhiteFideId "3803457"]
[BlackFideId "4120027"]
[WhiteElo "2577"]
[BlackElo "2492"]
[Result "1-0"]
[Round "06"]
[TimeControl "180+1"]
[Date "2021.12.15"]
[WhiteClock "0:00:10"]
[BlackClock "0:00:20"]

1. Nf3 d5 2. b4 Nf6 3. Bb2 Bf5 4. e3 e6 5. b5 h6 6. c4 Be7 7. Nc3 Nbd7 8. cxd5 exd5 9. Nd4 Bh7 10. Be2 O-O 11. O-O Nc5 12. d3 Re8 13. Rc1 a6 14. a4 axb5 15. axb5 Bd6 16. h3 Qd7 17. Qc2 Bg6 18. Ra1 Qe7 19. Rxa8 Rxa8 20. Ra1 Rxa1+ 21. Bxa1 Qe5 22. Nf3 Qe8 23. Nd4 Qe5 24. g3 Qe8 25. Kg2 Qa8 26. Bb2 Qa5 27. f4 Ne6 28. Qa4 Qxa4 29. Nxa4 Nxd4 30. Bxd4 Nd7 31. Bg4 Nf8 32. f5 Bh7 33. e4 dxe4 34. dxe4 Nd7 35. Be2 Kf8 36. Bc4 f6 37. Be6 Ke7 38. g4 Ne5 39. b6 cxb6 40. Nxb6 Bc7 41. Nd5+ Kd8 42. Nxc7 Kxc7 43. Bxe5+ fxe5 44. h4 Kd6 45. g5 hxg5 46. hxg5 Bg6 47. Kf3 Bh5+ 48. Ke3 b6 49. Bc4 Kc5 50. Ba2 b5 51. g6 Kd6 52. f6 Bxg6 53. fxg7 Bh7 54. g8=Q Bxg8 55. Bxg8 Kc5 56. Kd3 Kb4 57. Kc2 Ka4 58. Kc3 Ka3 59. Bb3 b4+ 60. Kc4 Kb2 61. Kxb4 Kc1 62. Kc5 Kd2 63. Bd5 Ke3 64. Kd6 Kf4 65. Ke6 1-0


[Site "https://www.chess.com"]

[Event "Titled Tuesday Blitz December 14 2021"]
[White "Tomiello, Mateus Costamilan"]
[Black "Nazaretyan, Tigran"]
[WhiteFideId "22701958"]
[BlackFideId "24162345"]
[WhiteElo "1975"]
[BlackElo "2192"]
[Result "1-0"]
[Round "06"]
[TimeControl "180+1"]
[Date "2021.12.15"]
[WhiteClock "0:00:08"]
[BlackClock "0:00:08"]

1. e4 c5 2. Nf3 Nc6 3. d4 cxd4 4. Nxd4 Nf6 5. Nc3 d6 6. Bg5 e6 7. Qd2 a6 8. O-O-O Bd7 9. f4 h6 10. Bxf6 Qxf6 11. Nf3 Qd8 12. Be2 Be7 13. g4 Qb6 14. h4 O-O-O 15. Kb1 Kb8 16. g5 Bc8 17. Bd3 Nb4 18. Na4 Qa5 19. b3 Nc6 20. Qxa5 Nxa5 21. Nb6 Ka7 22. Nxc8+ Rxc8 23. c4 Nc6 24. g6 Rhf8 25. gxf7 Rxf7 26. f5 Nb4 27. Nd4 exf5 28. Nxf5 Rc5 29. Rhg1 Ra5 30. Rd2 Bf6 31. a4 Bc3 32. Rdd1 Be5 33. Rg6 Rf6 34. Rxf6 Bxf6 35. h5 Be5 36. Be2 Rc5 37. Nxd6 Rc7 38. Nf5 Nc6 39. Rd5 Rf7 40. b4 Bf6 41. b5 Ne5 42. Nd6 Rc7 43. c5 b6 44. c6 axb5 45. axb5 Kb8 46. Ne8 Re7 47. Rd8+ Ka7 48. Nxf6 gxf6 49. Rd6 f5 50. exf5 Nxc6 51. Re6 Rxe6 52. fxe6 Ne7 53. Kc2 Kb7 54. Kd3 Kc7 55. Ke4 Kd6 56. Bc4 Ng8 57. Kf5 Kc5 58. Be2 Kd6 59. Bd1 Ke7 60. Bb3 Kd6 61. Kg6 Ke7 62. Kg7 Nf6 63. Kxh6 Ne4 64. Kg6 Nc5 65. Bd5 Nd3 66. h6 Nf4+ 67. Kf5 Nxd5 68. h7 Ne3+ 69. Ke4 Ng4 70. h8=Q Kxe6 71. Qd4 Nf6+ 72. Kd3 Nd7 73. Qc4+ Kd6 74. Qc6+ Ke7 75. Kd4 Kd8 76. Qd6 Kc8 77. Kd5 Kd8 78. Kc6 1-0


[Site "https://www.chess.com"]

[Event "Titled Tuesday Blitz December 14 2021"]
[White "Tsydypov, Zhamsaran"]
[Black "Stanojevic, Ilija"]
[WhiteFideId "4108566"]
[BlackFideId "959995"]
[WhiteElo "2614"]
[BlackElo "2154"]
[Result "1/2-1/2"]
[Round "06"]
[TimeControl "180+1"]
[Date "2021.12.14"]
[WhiteClock "0:00:38"]
[BlackClock "0:00:24"]

1. d4 e6 2. Nf3 f5 3. c4 Nf6 4. Bg5 Be7 5. g3 O-O 6. Bxf6 Bxf6 7. Bg2 d6 8. O-O Nc6 9. Nc3 a5 10. e4 a4 11. exf5 exf5 12. Nxa4 d5 13. cxd5 Qxd5 14. Nc3 Qd8 15. d5 Ne5 16. Nd4 Ra6 17. Re1 g6 18. Ne6 Bxe6 19. dxe6 c6 20. Qb3 Qe7 21. Rad1 Re8 22. h3 b5 23. Kh2 Qc5 24. Re2 b4 25. Nb1 Qc4 26. Qxc4 Nxc4 27. b3 Na5 28. Nd2 c5 29. Bd5 Rd6 30. Nc4 Nxc4 31. bxc4 Kf8 32. Rd3 Ra6 33. Rf3 Ke7 34. g4 fxg4 35. hxg4 h6 36. Kg2 Rf8 37. Kg1 Rh8 38. Kg2 Rf8 39. Kg1 Rh8 40. Rd2 Rf8 41. Kf1 Bg5 42. Rxf8 Kxf8 43. Re2 Ke7 44. Kg2 Bf4 45. Kf3 g5 46. Ke4 Kf6 47. Kf3 Ra3+ 48. Kg2 Ke7 49. Kg1 Bd6 50. Kg2 Bf4 51. Kg1 Bd6 52. Kg2 Bf4 1/2-1/2


[Site "https://www.chess.com"]

[Event "Titled Tuesday Blitz December 14 2021"]
[White "Vidit, Santosh Gujrathi"]
[Black "Gelman, Alexander"]
[WhiteFideId "5029465"]
[BlackFideId "4118316"]
[WhiteElo "2628"]
[BlackElo "2375"]
[Result "1-0"]
[Round "06"]
[TimeControl "180+1"]
[Date "2021.12.14"]
[WhiteClock "0:00:42"]
[BlackClock "0:00:03"]

1. Nf3 Nf6 2. g3 c5 3. Bg2 e6 4. O-O Be7 5. c4 O-O 6. d4 cxd4 7. Nxd4 d6 8. Nc3 a6 9. b3 Nbd7 10. Bb2 Qc7 11. Rc1 Ne5 12. Qd2 Bd7 13. Rfd1 Rac8 14. h3 Qb8 15. a4 Rfd8 16. g4 h6 17. Ba3 Qc7 18. e3 Qb6 19. Rb1 Qc7 20. f4 Ng6 21. Qf2 Re8 22. Rbc1 Qb6 23. g5 hxg5 24. fxg5 Nh7 25. h4 Ne5 26. Qg3 Rf8 27. Ne4 f5 28. a5 Qc7 29. Nxd6 Bxd6 30. Nxe6 f4 31. Nxc7 fxg3 32. Bxd6 Nf3+ 33. Kh1 Nxh4 34. Bxf8 Nxf8 35. Nd5 Bg4 36. Ne7+ Kf7 37. Nxc8 Bxc8 38. Rd4 Nf5 39. Rf1 Kg6 40. Be4 Kxg5 41. Bxf5 Bxf5 42. Rd5 g6 43. e4 1-0


[Site "https://www.chess.com"]

[Event "Titled Tuesday Blitz December 14 2021"]
[White "Vovk, Orest"]
[Black "Gaehwiler, Gabriel"]
[WhiteFideId "14113490"]
[BlackFideId "1314530"]
[WhiteElo "2203"]
[BlackElo "2383"]
[Result "1-0"]
[Round "06"]
[TimeControl "180+1"]
[Date "2021.12.15"]
[WhiteClock "0:00:07"]
[BlackClock "0:00:13"]

1. h4 c5 2. h5 Nf6 3. Nc3 e6 4. e4 d5 5. e5 Nfd7 6. Nf3 Nc6 7. Qe2 a6 8. h6 g6 9. d3 Be7 10. Bf4 b5 11. a4 b4 12. Nd1 Rg8 13. g4 g5 14. Bg3 Bb7 15. Bg2 d4 16. Nd2 Nb6 17. a5 Nd5 18. Nc4 Qd7 19. Be4 Rh8 20. Qf3 O-O-O 21. Qxf7 Rdf8 22. Bxd5 Rxf7 23. Nb6+ Kc7 24. Nxd7 Kxd7 25. Be4 Nd8 26. Bxb7 Nxb7 27. b3 Rhf8 28. Nb2 Kc6 29. Nc4 Bd8 30. Kd2 Be7 31. Rae1 Kd7 32. Rh5 Nd8 33. Nd6 Rf3 34. Ne4 Rg8 35. Nf6+ Bxf6 36. exf6 Nf7 37. Re2 Rxf6 38. Be5 Rfg6 39. Bg7 e5 40. Bxe5 Rxh6 41. Bf6 Rxh5 42. gxh5 Re8 43. Rxe8 Kxe8 44. Ke2 g4 45. f3 Kd7 46. fxg4 Ke6 47. g5 Kf5 48. Be7 Nxg5 49. Bxc5 Ne6 50. Bxb4 Nf4+ 51. Kf3 Nxh5 52. Bc5 Ke5 53. b4 Nf6 54. Bf8 Nd5 55. b5 axb5 56. a6 Nc7 57. a7 Na8 58. Bg7+ Kd5 59. Kg4 b4 60. Kh5 Kc5 61. Kh6 b3 62. cxb3 Kb4 63. Bxd4 Kxb3 64. Bc5 Kc2 65. d4 Kc3 66. d5 Kc4 67. d6 Kxc5 68. d7 1-0


[Site "https://www.chess.com"]

[Event "Titled Tuesday Blitz December 14 2021"]
[White "Vusatiuk, Vladimir"]
[Black "Arencibia Monduy, Antonio"]
[WhiteFideId "14118610"]
[BlackFideId "3507939"]
[WhiteElo "2157"]
[BlackElo "2645"]
[Result "1-0"]
[Round "06"]
[TimeControl "180+1"]
[Date "2021.12.15"]
[WhiteClock "0:00:26"]
[BlackClock "0:00:03"]

1. d4 Nf6 2. c4 e6 3. Nc3 d5 4. cxd5 exd5 5. Bg5 Be7 6. e3 O-O 7. Bd3 h6 8. Bh4 c6 9. Qc2 Re8 10. Nf3 Nbd7 11. O-O Nf8 12. Rab1 a5 13. a3 Ne4 14. Bxe7 Qxe7 15. Bxe4 dxe4 16. Nd2 f5 17. b4 axb4 18. axb4 Be6 19. b5 Rac8 20. bxc6 Rxc6 21. Qb2 Rec8 22. Rfc1 R6c7 23. g3 Nd7 24. Ne2 Bd5 25. Rxc7 Rxc7 26. Nf4 Bf7 27. Qb4 Qxb4 28. Rxb4 Rc1+ 29. Kg2 b6 30. h4 Rc2 31. Nb1 g5 32. hxg5 hxg5 33. Nh3 Bh5 34. Nxg5 Kg7 35. Na3 Ra2 36. Nc4 Kf6 37. Nh3 Bf3+ 38. Kh2 Ra1 39. Ng1 Rf1 40. Rb2 Kg5 41. Nxf3+ exf3 42. Ne5 Nxe5 43. dxe5 b5 44. e6 Kf6 45. g4 fxg4 46. Kg3 Rg1+ 47. Kf4 Kxe6 48. Rxb5 Rg2 49. Rb6+ Kd5 50. Rg6 Kc4 51. Rxg4 Rh2 52. Kxf3+ Kd3 53. Rd4+ Kc3 54. Rd8 Rh3+ 55. Ke4 Rh4+ 56. f4 Kc4 57. Ke5 Rh5+ 58. f5 Kb5 59. e4 Kc6 60. Ke6 Kc7 61. Rd1 Rh6+ 62. f6 Rh4 63. e5 Rh1 64. Rxh1 1-0


[Site "https://www.chess.com"]

[Event "Titled Tuesday Blitz December 14 2021"]
[White "Weetik, Vjacheslav"]
[Black "Khayrullin, Denis"]
[WhiteFideId "4153472"]
[BlackFideId "4144694"]
[WhiteElo "2469"]
[BlackElo "2210"]
[Result "1-0"]
[Round "06"]
[TimeControl "180+1"]
[Date "2021.12.15"]
[WhiteClock "0:00:03"]
[BlackClock "0:00:01"]

1. d4 Nf6 2. Bf4 c5 3. e3 Qb6 4. Na3 d6 5. Nc4 Qc7 6. a4 g6 7. h3 Bg7 8. Nf3 O-O 9. Be2 Be6 10. Ncd2 cxd4 11. exd4 Nd5 12. Bh2 Bh6 13. O-O Nf4 14. Bxf4 Bxf4 15. Re1 Nd7 16. c3 Nf6 17. Bf1 Rfe8 18. Rxe6 fxe6 19. Qb3 d5 20. Re1 Qd6 21. Qc2 Bxd2 22. Qxd2 a6 23. Qh6 Rf8 24. Ng5 Rf7 25. Bd3 Raf8 26. Rxe6 Qd7 27. Re2 Ne4 28. Bxe4 dxe4 29. Nxf7 Rxf7 30. Rxe4 Qxa4 31. Qe3 Qa1+ 32. Kh2 Qxb2 33. Rxe7 Rxe7 34. Qxe7 Qxf2 35. Qe4 Qd2 36. Qe6+ Kg7 37. Qe7+ Kh6 38. Qh4+ Kg7 39. Qe7+ Kg8 40. Qxb7 Qf4+ 41. Kg1 Qe3+ 42. Kf1 Qxc3 43. d5 Qd3+ 44. Kf2 Qd4+ 45. Kf3 Qd3+ 46. Kf4 Qd4+ 47. Kf3 Qd3+ 48. Kf2 Qd2+ 49. Kg3 Qe3+ 50. Kh2 Qf4+ 51. Kg1 Qe3+ 52. Kf1 Qc1+ 53. Ke2 Qc2+ 54. Ke3 Qc3+ 55. Ke4 Qe1+ 56. Kd4 Qd2+ 57. Ke5 Qe3+ 58. Kd6 Qa3+ 59. Kd7 Qa4+ 60. Qc6 Qf4 61. d6 Kf8 62. Kc8 Qf5+ 63. d7 Ke7 64. Qc7 1-0


[Site "https://www.chess.com"]

[Event "Titled Tuesday Blitz December 14 2021"]
[White "Willow, Jonah B"]
[Black "Korchmar, Vasiliy"]
[WhiteFideId "438804"]
[BlackFideId "24131750"]
[WhiteElo "2261"]
[BlackElo "2370"]
[Result "1-0"]
[Round "06"]
[TimeControl "180+1"]
[Date "2021.12.14"]
[WhiteClock "0:00:22"]
[BlackClock "0:00:11"]

1. e4 c5 2. Nf3 d6 3. Nc3 Nc6 4. d4 cxd4 5. Nxd4 Nf6 6. g3 g6 7. Nde2 Bg7 8. Bg2 O-O 9. O-O Rb8 10. a4 a6 11. Nd5 b5 12. axb5 axb5 13. Bg5 Nxd5 14. exd5 Ne5 15. Nd4 Bd7 16. Nc6 Bxc6 17. dxc6 Qc7 18. Ra6 Rfc8 19. Be3 Nc4 20. Bd4 Bxd4 21. Qxd4 e6 22. b3 Nb6 23. c4 bxc4 24. bxc4 d5 25. cxd5 exd5 26. Rc1 Rd8 27. Qc5 Rd6 28. Bh3 h5 29. Rxb6 Rxb6 30. Qxd6 Qxd6 31. c7 1-0


[Site "https://www.chess.com"]

[Event "Titled Tuesday Blitz December 14 2021"]
[White "Zakhartsov, Vladimir"]
[Black "Moskalenko, Alexander"]
[WhiteFideId "4145097"]
[BlackFideId "4155351"]
[WhiteElo "2411"]
[BlackElo "2515"]
[Result "0-1"]
[Round "06"]
[TimeControl "180+1"]
[Date "2021.12.14"]
[WhiteClock "0:00:04"]
[BlackClock "0:00:13"]

1. c4 c6 2. Nf3 d5 3. d4 Nf6 4. Nc3 dxc4 5. a4 Bf5 6. Ne5 e6 7. f3 Bb4 8. e4 Bxe4 9. fxe4 Nxe4 10. Bxc4 Nxc3 11. bxc3 Bxc3+ 12. Ke2 Bxa1 13. Ba3 Bxd4 14. Nf3 Bf6 15. Qb3 Qb6 16. Qd3 Na6 17. Rb1 Qc7 18. Bxa6 Rd8 19. Qc4 bxa6 20. Qxa6 Qd7 21. Rb7 Qd1+ 22. Kf2 Bh4+ 23. g3 Qc2+ 24. Ke3 Qc3+ 25. Kf2 Qxa3 26. Qxc6+ Kf8 27. gxh4 Qd6 28. Qc4 h5 29. Ng5 Qxh2+ 30. Kf3 Qh1+ 31. Kg3 Qe1+ 32. Kg2 Rd2+ 33. Kf3 Rf2+ 34. Kg3 Qg1+ 35. Kh3 Rh2# 0-1


[Site "https://www.chess.com"]

[Event "Titled Tuesday Blitz December 14 2021"]
[White "Zhigalko, Sergei"]
[Black "Tanenbaum, Zachary"]
[WhiteFideId "13502956"]
[BlackFideId "2060850"]
[WhiteElo "2662"]
[BlackElo "2168"]
[Result "1-0"]
[Round "06"]
[TimeControl "180+1"]
[Date "2021.12.14"]
[WhiteClock "0:01:38"]
[BlackClock "0:00:19"]

1. e4 e5 2. Nf3 Nc6 3. Bb5 a6 4. Ba4 d6 5. O-O Nf6 6. Re1 Be7 7. c3 O-O 8. h3 b5 9. Bc2 Bb7 10. d3 Nb8 11. Nbd2 Nbd7 12. Nf1 Re8 13. Ng3 Bf8 14. d4 g6 15. a4 Bg7 16. Bd3 c6 17. Bg5 Qb6 18. Qd2 Nf8 19. Bh6 Qd8 20. Bc2 N8d7 21. Bxg7 Kxg7 22. Qg5 Ng8 23. Nf5+ Kh8 24. Nxd6 Qxg5 25. Nxg5 Reb8 26. Ngxf7+ Kg7 27. Nxe5 Nb6 28. a5 Nc8 29. Nxb7 Rxb7 30. Nxc6 Nd6 31. e5 Ne8 32. Be4 Rc7 33. Nb4 Raa7 34. d5 Re7 35. f4 1-0


[Site "https://www.chess.com"]

[Event "Titled Tuesday Blitz December 14 2021"]
[White "Aggelis, Nikolaos"]
[Black "Azadaliyev, Jahandar"]
[WhiteFideId "4213220"]
[BlackFideId "13425811"]
[WhiteElo "2154"]
[BlackElo "1795"]
[Result "1-0"]
[Round "07"]
[TimeControl "180+1"]
[Date "2021.12.14"]
[WhiteClock "0:00:57"]
[BlackClock "0:01:21"]

1. d4 Nf6 2. g3 d5 3. Nf3 b6 4. Bg2 Bb7 5. c4 e6 6. cxd5 exd5 7. Ne5 Nbd7 8. Qa4 Bd6 9. Nc6 Qc8 10. Nc3 b5 11. Qxb5 a6 12. Qa4 Nb6 13. Na7+ Qd7 14. Qxd7+ Kxd7 15. Nab5 axb5 16. Nxb5 Bb4+ 17. Bd2 Bxd2+ 18. Kxd2 Nc4+ 19. Kc3 Bc6 20. a4 Rhb8 21. b3 Nd6 22. Nxd6 Kxd6 23. f3 Bd7 24. e4 dxe4 25. fxe4 Ng4 26. e5+ Ke7 27. Bxa8 Rxa8 28. Rhe1 Be6 29. a5 Kd7 30. b4 Kc6 31. Rec1 Kb5 32. Kd3 Rd8 33. Rc5+ Kxb4 34. Rb1+ Ka3 35. a6 Bf5+ 36. Kc3 Bxb1 37. Ra5# 1-0


[Site "https://www.chess.com"]

[Event "Titled Tuesday Blitz December 14 2021"]
[White "Albornoz Cabrera, Carlos Daniel"]
[Black "Vypkhaniuk, Ihor"]
[WhiteFideId "3518736"]
[BlackFideId "14112256"]
[WhiteElo "2490"]
[BlackElo "2327"]
[Result "1-0"]
[Round "07"]
[TimeControl "180+1"]
[Date "2021.12.14"]
[WhiteClock "0:00:37"]
[BlackClock "0:01:09"]

1. e4 d6 2. d4 Nf6 3. Nc3 e5 4. dxe5 dxe5 5. Qxd8+ Kxd8 6. Bc4 Ke8 7. Nf3 Bd6 8. Bg5 Nbd7 9. O-O-O a6 10. h3 h6 11. Be3 Kf8 12. g4 g6 13. g5 Ng8 14. gxh6 Nxh6 15. Bxh6+ Rxh6 16. Ng5 Be7 17. h4 Rxh4 18. Nxf7 Rxh1 19. Rxh1 Kg7 20. Nd5 Bd6 21. Nxd6 cxd6 22. Nc7 Rb8 23. Ne8+ Kf8 24. Nxd6 Nb6 25. Bb3 Kg7 26. Ne8+ Kf8 27. Rh8+ Ke7 28. Nc7 Kd6 29. Nd5 Nd7 30. Rg8 b5 31. Rxg6+ Kc5 32. a3 Kd4 33. Ne7 Kxe4 34. Bd5+ Kf4 35. Rg8 Nb6 36. Rf8+ Kg5 37. Be6 1-0


[Site "https://www.chess.com"]

[Event "Titled Tuesday Blitz December 14 2021"]
[White "Andreikin, Dmitry"]
[Black "Shipov, Sergei"]
[WhiteFideId "4158814"]
[BlackFideId "4113624"]
[WhiteElo "2736"]
[BlackElo "2736"]
[Result "1/2-1/2"]
[Round "07"]
[TimeControl "180+1"]
[Date "2021.12.14"]
[WhiteClock "0:00:12"]
[BlackClock "0:00:06"]

1. d4 d5 2. c4 dxc4 3. e3 e6 4. Bxc4 c5 5. Nf3 a6 6. O-O Nf6 7. dxc5 Qxd1 8. Rxd1 Bxc5 9. b3 Nbd7 10. Bb2 O-O 11. Be2 b6 12. Nbd2 Bb7 13. Nc4 Bd5 14. Rac1 Rfc8 15. Kf1 b5 16. Nce5 Nxe5 17. Nxe5 h6 18. Bf3 Bxf3 19. gxf3 Nd5 20. Ke2 Rc7 21. Nd3 Rac8 22. e4 Nb6 23. Nxc5 Rxc5 24. Rxc5 Rxc5 25. Rd8+ Kh7 26. Bd4 Rc6 27. Kd3 f6 28. f4 Nc8 29. Ke3 Kg6 30. f3 Nd6 31. Rd7 h5 32. h4 Kh6 33. Re7 Nc8 34. Re8 Kg6 35. Kd3 Kf7 36. Rh8 Kg6 37. Ke3 Ne7 38. Re8 Kf7 39. Ra8 Nc8 40. Rb8 Kg6 41. Rb7 Nd6 42. Rd7 Nc8 43. b4 Nd6 44. Bc5 Nc4+ 45. Kd4 e5+ 46. Kd5 Rc8 47. f5+ Kh6 48. Ke6 a5 49. Kf7 axb4 50. Bxb4 Nb6 51. Rb7 Rc6 52. Bf8 Nc8 53. Bxg7+ Kh7 54. Bxf6 Nd6+ 55. Kf8+ Nxb7 56. Bxe5 Rc2 57. f6 Rxa2 58. f7 Nd8 59. Ke7 Ra7+ 60. Kxd8 Rxf7 61. f4 b4 62. f5 b3 63. Bb2 Ra7 64. e5 Ra2 65. Bc3 Rc2 66. Ba1 Rc1 67. Bb2 Rc2 68. Ba1 b2 69. Bxb2 Rxb2 70. e6 Kg7 71. e7 Rd2+ 72. Ke8 Rd6 73. f6+ Rxf6 74. Kd7 Rf7 75. Ke6 Rxe7+ 76. Kxe7 Kg6 77. Ke6 Kg7 78. Kf5 Kh6 79. Kf6 Kh7 80. Kg5 Kg7 81. Kxh5 Kh7 82. Kg5 Kg7 83. h5 Kh7 84. h6 Kh8 85. Kg6 Kg8 86. h7+ Kh8 87. Kh6 1/2-1/2


[Site "https://www.chess.com"]

[Event "Titled Tuesday Blitz December 14 2021"]
[White "Artemenko, Oleg"]
[Black "Keymer, Vincent"]
[WhiteFideId "14201798"]
[BlackFideId "12940690"]
[WhiteElo "2287"]
[BlackElo "2557"]
[Result "0-1"]
[Round "07"]
[TimeControl "180+1"]
[Date "2021.12.14"]
[WhiteClock "0:00:47"]
[BlackClock "0:01:03"]

1. d4 Nf6 2. Nc3 d5 3. Bf4 c5 4. e3 cxd4 5. exd4 Bg4 6. Nf3 Nc6 7. Nb5 Rc8 8. c3 e6 9. a4 a6 10. Na3 Qb6 11. Qe2 Bxf3 12. gxf3 Be7 13. b4 Nxd4 14. Qe3 Bxb4 15. cxb4 Qxb4+ 16. Kd1 Rc3 17. Bd3 Qb3+ 18. Kd2 Qb2+ 19. Nc2 Nb3+ 20. Ke2 Rxc2+ 21. Bxc2 Qxc2+ 22. Kf1 Nxa1 23. Kg2 Nb3 24. Bd6 d4 25. Qe5 Qg6+ 26. Kf1 Qf5 27. Qe1 Qxf3 28. Kg1 Ne4 29. Bg3 O-O 0-1


[Site "https://www.chess.com"]

[Event "Titled Tuesday Blitz December 14 2021"]
[White "Artemiev, Vladislav"]
[Black "Agasarov, Benik"]
[WhiteFideId "24101605"]
[BlackFideId "13314823"]
[WhiteElo "2830"]
[BlackElo "2629"]
[Result "1-0"]
[Round "07"]
[TimeControl "180+1"]
[Date "2021.12.14"]
[WhiteClock "0:00:05"]
[BlackClock "0:00:19"]

1. Nf3 Nf6 2. g3 g6 3. b3 Bg7 4. Bb2 O-O 5. Bg2 c5 6. c4 Nc6 7. O-O d5 8. cxd5 Nxd5 9. Bxg7 Kxg7 10. d4 cxd4 11. Nxd4 Nxd4 12. Qxd4+ Nf6 13. Qe5 Bg4 14. Nc3 Rc8 15. h3 Be6 16. Rfd1 Qc7 17. Qxc7 Rxc7 18. Nb5 Rc5 19. Nd4 Bd5 20. Bxd5 Rxd5 21. Nf3 Rfd8 22. Rxd5 Rxd5 23. Rc1 e6 24. Kf1 h6 25. e3 b6 26. Ke2 g5 27. Nd4 Rd7 28. g4 Nd5 29. Nf3 Rc7 30. Rxc7 Nxc7 31. Ne5 Kf6 32. Nc6 a6 33. Kd3 Kg7 34. a4 f6 35. Nb8 Kf7 36. Nc6 Ke8 37. f4 Kd7 38. Nd4 Kd6 39. f5 e5 40. Ne2 Nd5 41. Ng3 Nb4+ 42. Kc4 Nc2 43. Ne4+ Ke7 44. Kd5 Nxe3+ 45. Kc6 b5 46. axb5 axb5 47. Kxb5 Nd5 48. b4 Nf4 49. Ka6 Kd7 50. b5 Nd5 51. Kb7 Ke7 52. Kc6 Nb4+ 53. Kc5 Nd3+ 54. Kb6 Nf4 55. Ka7 Nd5 56. b6 Kd8 57. b7 Nb4 58. b8=Q+ Kd7 59. Qxb4 Kc6 60. Qc5+ Kd7 61. Qd6+ Kc8 62. Qe7 h5 63. Nd6# 1-0


[Site "https://www.chess.com"]

[Event "Titled Tuesday Blitz December 14 2021"]
[White "Arutinian, David"]
[Black "Jobava, Baadur"]
[WhiteFideId "13601741"]
[BlackFideId "13601520"]
[WhiteElo "2525"]
[BlackElo "2689"]
[Result "1-0"]
[Round "07"]
[TimeControl "180+1"]
[Date "2021.12.14"]
[WhiteClock "0:00:30"]
[BlackClock "0:00:04"]

1. Nf3 d5 2. e3 c6 3. c4 Nf6 4. Nc3 Nbd7 5. d4 Nb6 6. cxd5 cxd5 7. Bd3 Bg4 8. O-O e6 9. h3 Bh5 10. a4 a6 11. a5 Nbd7 12. Bd2 Bd6 13. Na4 Qe7 14. Rb1 Ne4 15. Be2 Bxf3 16. Bxf3 Nxd2 17. Qxd2 Bb4 18. Qd3 Bxa5 19. e4 dxe4 20. Qxe4 Rb8 21. Nc5 Nf6 22. Qe2 O-O 23. b4 Bb6 24. Rfd1 Rfd8 25. Qe5 Bc7 26. Qe2 Bd6 27. g3 g6 28. Kg2 Kg7 29. h4 h5 30. Rdc1 Nd5 31. b5 a5 32. b6 Qf6 33. Qc4 Bxg3 34. Kxg3 Qf4+ 35. Kg2 Qxh4 36. Nd3 Ne7 37. Qc7 Nf5 38. Qe5+ Kg8 39. d5 exd5 40. Rc7 Re8 41. Qxd5 Qf6 42. Kg1 Rbd8 43. Qc4 Ne3 44. fxe3 Qxf3 45. Rf1 Qg3+ 46. Kh1 Qh3+ 47. Kg1 Qxe3+ 48. Kh1 Qh3+ 49. Kg1 Qg3+ 50. Kh1 Re6 51. Rcxf7 Qh3+ 52. Kg1 Qg3+ 53. Kh1 1-0


[Site "https://www.chess.com"]

[Event "Titled Tuesday Blitz December 14 2021"]
[White "Bacrot, Etienne"]
[Black "Moskalenko, Alexander"]
[WhiteFideId "605506"]
[BlackFideId "4155351"]
[WhiteElo "2673"]
[BlackElo "2515"]
[Result "1/2-1/2"]
[Round "07"]
[TimeControl "180+1"]
[Date "2021.12.14"]
[WhiteClock "0:00:04"]
[BlackClock "0:00:10"]

1. d4 d5 2. Nf3 Nf6 3. c4 c6 4. e3 Bf5 5. Nc3 e6 6. Nh4 Be4 7. f3 Bg6 8. Qb3 Qc7 9. Bd2 Nbd7 10. cxd5 exd5 11. e4 dxe4 12. Nxg6 hxg6 13. fxe4 Nb6 14. O-O-O O-O-O 15. e5 Ng4 16. Be2 Nf2 17. Rhf1 Nxd1 18. Bg4+ f5 19. exf6+ Kb8 20. fxg7 Qxg7 21. Nxd1 Qxd4 22. Qc3 Bh6 23. Qxd4 Rxd4 24. Bxh6 Rxg4 25. Bf4+ Kc8 26. g3 Nd5 27. Nf2 Rxf4 28. gxf4 Rxh2 29. Nd3 Rg2 30. f5 gxf5 31. Rxf5 a5 32. a3 a4 33. Rf8+ Kc7 34. Nf4 Rg1+ 35. Kd2 Nb6 36. Rf7+ Kb8 37. Nd3 Rg2+ 38. Kc1 Rg5 39. Kd2 Rb5 40. Kc3 Nd5+ 41. Kd2 Ka7 42. Kc2 Kb6 43. Rh7 Ne3+ 44. Kd2 Nc4+ 45. Kc3 Nd6 46. Rh4 Rb3+ 47. Kc2 Ka5 48. Nc5 Rg3 49. Nxa4 b5 50. Nc5 Nc4 51. Nd3 Ne3+ 52. Kd2 Nc4+ 53. Kc3 Ne5 54. Rd4 c5 55. Rd5 c4 56. Rxe5 Rxd3+ 57. Kc2 Rh3 58. Re8 Kb6 59. Re6+ Kc5 60. Re5+ Kb6 61. Rg5 Kc6 62. Kd2 Kb6 63. Kc2 Ka5 64. Rg8 Rh2+ 65. Kc3 Rh3+ 66. Kc2 Kb6 67. Rg5 1/2-1/2


[Site "https://www.chess.com"]

[Event "Titled Tuesday Blitz December 14 2021"]
[White "Belous, Vladimir"]
[Black "Tsvetkov, Andrey"]
[WhiteFideId "4174003"]
[BlackFideId "34139360"]
[WhiteElo "2510"]
[BlackElo "2280"]
[Result "1/2-1/2"]
[Round "07"]
[TimeControl "180+1"]
[Date "2021.12.14"]
[WhiteClock "0:00:30"]
[BlackClock "0:00:27"]

1. c4 e6 2. Nf3 d5 3. g3 Nf6 4. Bg2 dxc4 5. O-O a6 6. a4 Nbd7 7. Na3 Bxa3 8. bxa3 O-O 9. Bb2 Rb8 10. Qc2 b5 11. axb5 axb5 12. a4 bxa4 13. Rxa4 Bb7 14. Ra7 Be4 15. Qc1 Nb6 16. Be5 Nfd5 17. Qa1 f6 18. Bd4 e5 19. Bc5 Re8 20. Rc1 Ra8 21. Rxa8 Qxa8 22. Qxa8 Rxa8 23. d3 cxd3 24. exd3 Bxf3 25. Bxf3 Rd8 26. d4 exd4 27. Bxd4 Kf7 28. h4 Rd7 29. h5 Nb4 30. Be3 Nd3 31. Rc3 Ne5 32. Be4 Nd5 33. Bxd5+ Rxd5 34. Rxc7+ Rd7 35. Rc8 Ng4 36. Bc5 Rd5 37. f3 Ne5 38. Kg2 Nd7 39. Rc7 Ke6 40. Rc6+ Kf7 41. Rc7 Ke6 42. Rc6+ Kf7 43. Rc7 1/2-1/2


[Site "https://www.chess.com"]